 Dungeon Crawl Stone Soup version 0.31-a0-1338-gb567cfdca4 (webtiles) character file.

Game seed: 6361404378787686151

251 Sabo the Chopper (level 5, -1/41 HPs)
             Began as a Demonspawn Monk on Dec 21, 2023.
             Was the Champion of Ignis.
             Killed by divine providence
             ... invoked by an orc priest
              (12 damage)
             ... on level 4 of the Dungeon.
             The game lasted 00:17:43 (3115 turns).

Sabo the Chopper (Demonspawn Monk)                  Turns: 3115, Time: 00:17:43

Health: -1/41      AC:  3    Str: 13    XL:     5   Next: 88%
Magic:  5/5        EV: 12    Int: 11    God:    Ignis [******]
Gold:   132        SH:  0    Dex: 15    Spells: 4/4 levels left

rFire   + . .        o - +4 hand axe (heavy)
rCold   . . .        d - orb {light}
rNeg    . . .        e - +0 leather armour
rPois   .            (helmet restricted)
rElec   .            (no cloak)
rCorr   .            (no gloves)
SInv    .            (no boots)
Will    .....        (no amulet)
Stlth   +            (no ring)
HPRegen 0.26/turn    (no ring)
MPRegen 0.09/turn

%: no passive effects
@: glowing
A: antennae 2, powered by pain 1
a: Renounce Religion, Fiery Armour, Foxfire Swarm, Rising Flame


You were on level 4 of the Dungeon.
You worshipped Ignis.
Ignis was exalted by your worship.
You visited 1 branch of the dungeon, and saw 4 of its levels.

You collected 294 gold pieces.
You spent 162 gold pieces at shops.

Inventory:

Hand Weapons
 o - a +4 heavy hand axe (weapon)
 p - a +0 sling
Missiles
 g - 3 javelins (quivered)
Armour
 d - an orb of light (worn)
 e - a +0 leather armour (worn)
 q - an orb of wrath
Talismans
 l - a dragon-blood talisman
Scrolls
 b - 4 scrolls of identify {unknown}
 f - a scroll of fog
 j - a scroll of fear {unknown}
 k - a scroll of teleportation
 r - a scroll of immolation {unknown}
Potions
 a - a potion of heal wounds {unknown}
 c - a potion of ambrosia
 h - a potion of cancellation {unknown}
 i - a potion of degeneration {unknown}
 m - a potion of enlightenment {unknown}
 n - 3 potions of might {unknown}
 s - a potion of haste {unknown}


   Skills:
 + Level 3.6 Fighting
 + Level 4.3 Axes
 + Level 2.1 Armour
 + Level 3.2 Dodging
 + Level 0.3 Stealth
 * Level 1.5 Shapeshifting


You had 4 spell levels left.
You didn't know any spells.
Your spell library was empty.

Dungeon Overview and Level Annotations

Branches:
Dungeon (4/15)
 Temple: D:4-7

Altars:
Ignis

Shops:
D:2 (   D:3 !   D:4 ([*[*


Innate Abilities, Weirdness & Mutations

You have a pair of antennae on your head.
You sometimes gain a little power by taking damage.


Message History

The hound is almost dead.
The hound bites you. x2
You hit the hound.
You kill the hound!
Your Armour skill increases to level 2!
You see here a hound corpse.
An orc priest comes into view. It is wielding a +0 club.
The orc priest shouts!
You hear a shout!
The orc hits you with a +0 heavy hand axe.
You see here a hound corpse.
You slash the orc!
You kill the orc!
An orc comes into view. It is wielding a +0 club.
An endoplasm comes into view.
Found a stone staircase leading down.
Things that are here:
a +0 heavy hand axe; a +0 leather armour; an orc corpse The orc priest calls down the wrath of Beogh upon you.
Beogh smites you!
The orc priest invokes the aid of Beogh against you.
Pain shoots through your body!
You slash the orc priest!
The orc priest is severely wounded.
You slash the orc!
You kill the orc!
The orc priest hits you with a +0 club.
* * * LOW HITPOINT WARNING * * *
You hit the orc priest but do no damage.
The orc priest is severely wounded.
The orc priest hits you but does no damage.
The orc priest completely misses you. The endoplasm freezes you.
You are frozen.
* * * LOW HITPOINT WARNING * * *
You slash the endoplasm!
You kill the endoplasm!
You completely miss the orc priest.
The orc priest invokes the aid of Beogh against you.
Beogh smites you!
You die...

............. .........
.........##............ .#......
###......#..........>. ##...#..
.###.<##......?....... .#...##..
8# #..#............... .....#...
.####............... ##.....
∩<8...........#.... .. #..#..#
.....#...#....#)o# ... ###.#...
8.......###...#.@## ....#.#.....
.......#.#.#.†)...# #.........#
.........#.......## ##..#.<...#
..#.)#...#....#### #.......##
..#......#.....####............#
.....#...#.†...............###..#
##......................... #..#
##.....####........#..#... ...#
###...# ##.########.... #.##


You could see an orc priest.

Vanquished Creatures
  An orc priest (D:4)
  A hound (D:4)
  Natasha (thrice) (D:4)
  4 adders
  A dart slug (D:3)
  9 orcs (D:4)
  6 bats
  8 endoplasms
  2 giant cockroaches (D:1)
  7 goblins
  3 hobgoblins
  2 jackals (D:2)
  6 kobolds
  7 quokkas
  4 ball pythons
  A frilled lizard (D:2)
  8 rats
73 creatures vanquished.

Notes
Turn   | Place    | Note
-------+----------+-------------------------------------------
     0 | D:1      | Sabo the Demonspawn Monk began the quest for the Orb.
     0 | D:1      | Reached XP level 1. HP: 18/18 MP: 1/1
   242 | D:1      | Gained mutation: You have a pair of small antennae on your
                  | head. [demonic ancestry]
   242 | D:1      | Reached XP level 2. HP: 19/24 MP: 2/2
   291 | D:1      | Reached skill level 3 in Axes
   804 | D:2      | Gained mutation: You have a pair of antennae on your head.
                  | [demonic ancestry]
   804 | D:2      | Reached XP level 3. HP: 24/29 MP: 3/3
   859 | D:2      | Found Lepuesefra's Antique Weapon Shop.
  1823 | D:3      | Found a faded altar of an unknown god.
  1921 | D:3      | Prayed at the altar of an unknown god.
  1921 | D:3      | Became a worshipper of Ignis, the Dying Flame
  1921 | D:3      | Reached ****** piety under Ignis
  2045 | D:2      | Bought a runed hand axe for 162 gold pieces
  2166 | D:3      | Found Ithehu Kutia's Distillery.
  2403 | D:4      | Reached XP level 4. HP: 33/35 MP: 4/4
  2428 | D:4      | Found Ybluczow's Assorted Antiques.
  2438 | D:4      | Reached skill level 1 in Armour
  2617 | D:4      | Reached skill level 4 in Axes
  2651 | D:4      | Found Isimm's Armour Boutique.
  2656 | D:4      | Reached skill level 1 in Shapeshifting
  2712 | D:4      | Found Dawin's General Store.
  2723 | D:4      | Gained mutation: You sometimes gain a little power by
                  | taking damage. [demonic ancestry]
  2723 | D:4      | Reached XP level 5. HP: 22/41 MP: 5/5
  2787 | D:4      | Noticed Natasha
  2797 | D:4      | Killed Natasha
  2820 | D:4      | Noticed Natasha
  2827 | D:4      | Killed Natasha
  2839 | D:4      | Noticed Natasha
  2846 | D:4      | Killed Natasha
  2966 | D:4      | Found Cuitishru's Weapon Shoppe.
  3053 | D:4      | Found Pamp's Armour Boutique.
  3115 | D:4      | Killed from afar by an orc priest

Illustrated notes

Levels and vault maps discovered:
D:1:      lemuel_arrival_river_ford, layout_basic, minmay_indecisive_spiral
D:2:      layout_loops_cross, serial_shops, shop, minivault_24
D:3:      layout_rooms, hellmonk_ecumenical_altar_lost_god, serial_shops,
          nicolae_shop_behind_doors
D:4:      layout_cave_pools, serial_shops, nicolae_shop_statue_plus, shop, shop,
          nicolae_shop_stone, nicolae_shop_advertising_works
          [nicolae_subvault_shop_adworks], uniq_natasha

Skill      XL: |  1  2  3  4  5 |
---------------+----------------+-----
Axes           | 3 4 |  4.3
Dodging        | 3 |  3.2
Armour         | 1 2 |  2.1
Shapeshifting  | 1 |  1.5
Fighting       | |  3.6
Stealth        | |  0.3

Action                     |  1- 3 |  4- 6 || total
---------------------------+-------+-------++-------
  Melee: Hand axe          |   114 |    38 ||   152
    Use: Scroll            |     2 |       ||     2
 Armour: Robe              |    15 |       ||    15
         Leather armour    |    45 |    36 ||    81
  Dodge: Dodged            |    81 |    31 ||   112

Table legend: (Time is in decaauts)
 A = Elapsed time spent in this place.
 B = Non-inter-level travel time spent in this place.
 C = Inter-level travel time spent in this place.
 D = Time resting spent in this place.
 E = Time spent auto-exploring this place.
 F = Levels seen in this place.
 G = Mean time per level.
                   A        B        C        D        E       F      G
               +--------+--------+--------+--------+--------+-----+--------+
         Total |   3162 |   3162 |      0 |    581 |      0 |   4 |  790.5 |
       Dungeon |   3162 |   3162 |      0 |    581 |      0 |   4 |  790.5 |
               +--------+--------+--------+--------+--------+-----+--------+

Top non-repeatable levels by time:
     D:2: 1038 daAuts
     D:1: 810 daAuts
     D:4: 748 daAuts
     D:3: 565 daAuts
